 Dungeon Crawl Stone Soup version 0.32-a0-136-gc02482bde3 (webtiles) character file.

Game seed: 1425752648253452654

2226 Rennog the Slicer (level 9, -1/64 (70) HPs)
             Began as a Gnoll Wanderer on Feb 11, 2024.
             Was a Priest of Okawaru.
             Slain by a wight
             ... wielding a +3 battleaxe of freezing
              (3 damage)
             ... on level 8 of the Dungeon.
             The game lasted 00:12:16 (6742 turns).

Rennog the Slicer (Gnoll Wanderer)                  Turns: 6742, Time: 00:12:20

HP:   -1/64 (70)    AC: 10    Str: 15    XL:     9   Next: 36%
MP:   12/15         EV: 11    Int: 15    God:    Okawaru [***...]
Gold: 243           SH:  4    Dex: 10    Spells: 9/16 levels left

rFire   + + .        F - +3 mace (freeze)
rCold   . . .        h - +0 buckler
rNeg    + . .        c - +0 ring mail of Sif Muna's Wrath {Will+ Int+3 Slay+2}
rPois   +            i - +0 helmet
rElec   .            H - +2 cloak
rCorr   +            (no gloves)
SInv    .            (no boots)
Will    +....        (no amulet)
Stlth   ++           x - ring of poison resistance
HPRegen 0.30/turn    q - ring "Wehughacs" {rF++ rN+ rCorr Str-2}
MPRegen 0.14/turn

%: no passive effects
@: drained
A: fangs 1, strong nose, distributed training
a: Renounce Religion, Heroism


You were on level 8 of the Dungeon.
You worshipped Okawaru.
Okawaru was most pleased with you.
You visited 2 branches of the dungeon, and saw 9 of its levels.

You collected 265 gold pieces.
You spent 22 gold pieces at shops.

Inventory:

Hand Weapons
 a - a +1 rapier
 F - a +3 mace of freezing (weapon)
Missiles
 f - a throwing net (quivered)
 u - 4 javelins
Armour
 c - the +0 ring mail of Sif Muna's Wrath (worn) {Will+ Int+3 Slay+2}
   (You found it on level 3 of the Dungeon)

   Int+3:     It affects your intelligence (+3).
   Slay+2:    It affects your accuracy & damage with ranged weapons and melee
   (+2).
   Will+:     It increases your willpower.
 h - a +0 buckler (worn)
 i - a +0 helmet (worn)
 j - a +0 ring mail
 H - a +2 cloak (worn)
Magical Staves
 G - a staff of conjuration
Jewellery
 q - the ring "Wehughacs" (right hand) {rF++ rN+ rCorr Str-2}
   (You found it on level 4 of the Dungeon)

   [ring of resist corrosion]

   Str-2:     It affects your strength (-2).
   rF++:      It greatly protects you from fire.
   rN+:       It protects you from negative energy.
   rCorr:     It protects you from acid and corrosion.
 x - a ring of poison resistance (left hand)
Talismans
 e - a blade talisman
 l - a dragon-blood talisman
Wands
 y - a wand of mindburst (11)
Scrolls
 d - a scroll of revelation
 k - a scroll of poison
 m - a scroll of vulnerability
 o - a scroll of enchant armour {unknown}
 p - a scroll of teleportation
 r - 2 scrolls of fear
 v - a scroll of amnesia {unknown}
 w - a scroll of silence
 B - 2 scrolls of identify
 E - a scroll of fog
 I - 3 scrolls of butterflies {unknown}
Potions
 b - a potion of brilliance {unknown}
 g - 3 potions of heal wounds {unknown}
 n - 2 potions of might {unknown}
 s - a potion of enlightenment {unknown}
 t - 3 potions of curing {unknown}
 z - 2 potions of degeneration {unknown}
 A - a potion of berserk rage {unknown}
 C - a potion of attraction {unknown}
 D - a potion of invisibility {unknown}


   Skills:
 + Level 6.3 Fighting
 + Level 11.3 Short Blades
 + Level 4.3 Long Blades
 + Level 5.1 Axes
 + Level 4.3 Maces & Flails
 + Level 4.3 Polearms
 + Level 4.3 Staves
 + Level 4.3 Ranged Weapons
 + Level 4.3 Throwing
 + Level 4.3 Armour
 + Level 4.3 Dodging
 + Level 4.3 Stealth
 + Level 4.3 Shields
 + Level 4.3 Unarmed Combat
 + Level 4.3 Spellcasting
 + Level 3.5 Conjurations
 + Level 3.5 Hexes
 + Level 3.5 Summonings
 + Level 3.5 Necromancy
 + Level 3.5 Translocations
 + Level 3.5 Fire Magic
 + Level 3.5 Ice Magic
 + Level 3.5 Air Magic
 + Level 3.5 Earth Magic
 + Level 3.5 Alchemy
 + Level 6.7 Invocations
 + Level 4.3 Evocations
 + Level 3.9 Shapeshifting


You had 9 spell levels left.
You knew the following spells:

 Your Spells              Type           Power      Damage    Failure   Level
a - Blink                 Tloc           26%        N/A       16%         2
b - Scorch                Fire           26%        2d6       16%         2
c - Teleport Other        Tloc           13%        N/A       30%         3

Your spell library contained the following spells:

 Spells                   Type           Power      Damage    Failure   Level
 Freeze                   Ice            52%        1d6       10%         1
 Magic Dart               Conj           52%        1d5       10%         1
 Lesser Beckoning         Tloc           26%        N/A       16%         2
 Dazzling Flash           Conj/Hex       26%        N/A       30%         3
 Frozen Ramparts          Ice            26%        1d4       30%         3
 Gell's Gravitas          Tloc           13%        N/A       30%         3
 Hailstorm                Conj/Ice       13%        3d6       30%         3
 Inner Flame              Hex/Fire       13%        N/A       30%         3
 Volatile Blastmotes      Fire/Tloc      26%        2d12      30%         3
 Flame Wave               Conj/Fire      13%        2d6       69%         4
 Sticky Flame             Fire/Alch      13%        2d5       69%         4
 Starburst                Conj/Fire      6%         6d4       100%        6
 Maxwell's Capacitive Co  Air            6%         ∞         100%        8
 Call Imp                 Summ           Unusable   N/A       N/A         2
 Summon Cactus Giant      Summ           Unusable   N/A       N/A         6

Dungeon Overview and Level Annotations

Branches:
Dungeon (8/15)             Temple (1/1) D:4
   Lair: D:8-11

Altars:
Cheibriados
Dithmenos
Elyvilon
Fedhas
Gozag
Kikubaaqudgha
Makhleb
Nemelex Xobeh
Okawaru
Qazlal
Ru
Sif Muna
Trog
Uskayaw
Vehumet
Wu Jian
Xom
Yredelemnul

Shops:
D:2 =   D:4 (?*=

Annotations:
D:5 2 transporters, hipposaver's ghost, novice DjCj
D:7 Dowan; Duvessa; Maurice


Innate Abilities, Weirdness & Mutations

You have very sharp teeth.
Your uncanny sense of smell can sniff out nearby items.
Your experience applies equally to all skills.


Message History

A wight is nearby!
Casting: Scorch (safe; 16% risk of failure)
Confirm with . or Enter, or press ? or * to list all spells.
You miscast Scorch.
You are very lightly contaminated with residual magic.
Nothing appears to happen.
Casting: Scorch (safe; 16% risk of failure)
Confirm with . or Enter, or press ? or * to list all spells.
Flames lash the wight but do no damage.
You sock the wight! Your bite misses the wight.
The wight is heavily damaged.
The wight hits you with a +3 battleaxe of freezing.
You partially resist.
You feel drained. The wight freezes you.
You hit the wight but do no damage. You bite the wight, but do no damage.
The wight is heavily damaged.
The wight hits you with a +3 battleaxe of freezing!
The wight freezes you. The wight hits you but does no damage.
You barely miss the wight.
The wight is heavily damaged.
The wight hits you with a +3 battleaxe of freezing.
The wight freezes you.
A shadow imp comes into view.
The shadow imp shouts!
You hit the wight.
The wight is almost destroyed.
The wight hits you with a +3 battleaxe of freezing!
You partially resist.
You feel drained. The wight freezes you.
* * * LOW HITPOINT WARNING * * *
Your magical contamination has completely faded away.
You closely miss the wight. Your bite misses the wight.
The wight is almost destroyed.
The wight barely misses you.
You barely miss the wight.
The wight is almost destroyed.
The wight hits you with a +3 battleaxe of freezing!
* * * LOW HITPOINT WARNING * * *
You partially resist.
You feel drained.
* * * LOW HITPOINT WARNING * * *
The wight freezes you.
You die...

# #. .### 5.#
#z# # #@# .##
#.####..##
#######.#......#
#.......)....#
#.......)....#
#............#
#............#
#............#
#......<.....#


You could see a wight and a shadow imp.

Vanquished Creatures
  Sigmund (D:2)
  A steam dragon (D:7)
  Menkaure (D:5)
  A water moccasin (D:6)
  2 black bears
  An ice beast (D:7)
  2 phantoms
  A kobold brigand (D:7)
  A bullfrog (D:7)
  3 scorpions
  7 wights
  A crimson imp (D:4)
  3 hounds
  3 orc priests
  3 jellies (D:6)
  2 iguanas (D:6)
  Natasha (twice) (D:2)
  2 orc wizards (D:6)
  5 adders
  A white imp (D:4)
  4 ufetubi
  6 dart slugs
  19 orcs
  6 bats
  6 endoplasms
  8 hobgoblins
  3 quokkas (D:1)
  4 ball pythons
  4 frilled lizards
  6 goblins
  12 kobolds
  5 rats
126 creatures vanquished.

Vanquished Creatures (others)
  A bat (D:2)
1 creature vanquished.

Grand Total: 127 creatures vanquished

Notes
Turn   | Place    | Note
-------+----------+-------------------------------------------
     0 | D:1      | Reached skill level 10 in Short Blades
     0 | D:1      | Rennog the Gnoll Wanderer began the quest for the Orb.
     0 | D:1      | Rennog set off with the following items: a +1 rapier, a +0
                  | hand axe, a scroll of fog, a +0 leather armour.
     0 | D:1      | Reached XP level 1. HP: 20/20 MP: 3/3
    76 | D:1      | Reached XP level 2. HP: 26/26 MP: 5/5
   292 | D:1      | Reached XP level 3. HP: 31/31 MP: 6/6
   601 | D:2      | Found Uckuzus's Jewellery Emporium.
   640 | D:2      | Found an iron altar of Okawaru.
   648 | D:2      | Became a worshipper of Warmaster Okawaru
   708 | D:2      | Reached skill level 1 in Long Blades
   708 | D:2      | Reached skill level 1 in Maces & Flails
   708 | D:2      | Reached skill level 1 in Polearms
   708 | D:2      | Reached skill level 1 in Staves
   708 | D:2      | Reached skill level 1 in Ranged Weapons
   708 | D:2      | Reached skill level 1 in Throwing
   708 | D:2      | Reached skill level 1 in Armour
   708 | D:2      | Reached skill level 1 in Dodging
   708 | D:2      | Reached skill level 1 in Stealth
   708 | D:2      | Reached skill level 1 in Shields
   708 | D:2      | Reached skill level 1 in Unarmed Combat
   708 | D:2      | Reached skill level 1 in Spellcasting
   708 | D:2      | Reached skill level 1 in Evocations
   817 | D:2      | Reached skill level 1 in Shapeshifting
   817 | D:2      | Reached XP level 4. HP: 30/38 MP: 7/7
   955 | D:2      | Noticed Natasha
   966 | D:2      | Killed Natasha
   967 | D:2      | Reached skill level 1 in Conjurations
   967 | D:2      | Reached skill level 1 in Hexes
   967 | D:2      | Reached skill level 1 in Summonings
   967 | D:2      | Reached skill level 1 in Necromancy
   967 | D:2      | Reached skill level 1 in Translocations
   967 | D:2      | Reached skill level 1 in Fire Magic
   967 | D:2      | Reached skill level 1 in Ice Magic
   967 | D:2      | Reached skill level 1 in Air Magic
   967 | D:2      | Reached skill level 1 in Earth Magic
   967 | D:2      | Reached skill level 1 in Alchemy
  1206 | D:2      | Noticed Sigmund
  1349 | D:3      | Identified the +0 ring mail of Sif Muna's Wrath {Will+
                  | Int+3 Slay+2}
  1415 | D:3      | Reached XP level 5. HP: 43/43 MP: 8/8
  1430 | D:3      | Noticed a phantom
  1447 | D:3      | Killed a phantom
  1448 | D:3      | Reached skill level 5 in Invocations
  1506 | D:3      | Found a burning altar of Makhleb.
  1570 | D:3      | Reached XP level 6. HP: 43/49 MP: 9/9
  1673 | D:3      | Reached skill level 5 in Fighting
  1941 | D:3      | Reached * piety under Okawaru
  2160 | D:4      | Found a staircase to the Ecumenical Temple.
  2177 | D:4      | Identified the ring "Wehughacs" {rF++ rN+ rCorr Str-2}
  2196 | D:4      | Found Bimiasm's General Store.
  2203 | D:4      | Bought a scroll of identify for 22 gold pieces
  2528 | D:4      | Found Sidwoum's Weapon Emporium.
  2666 | D:4      | Found Herorgh's Magic Scroll Shoppe.
  2723 | D:4      | Reached XP level 7. HP: 46/56 MP: 10/10
  2780 | D:4      | Found Ykel Weph's Jewellery Emporium.
  2926 | D:5      | Entered Level 5 of the Dungeon
  3176 | D:5      | Found a shadowy altar of Dithmenos.
  3221 | D:5      | Noticed Menkaure
  3659 | D:2      | Killed Sigmund
  3865 | D:2      | Noticed Natasha
  3878 | D:2      | Killed Natasha
  4122 | Temple   | Entered the Ecumenical Temple
  4167 | D:5      | Killed Menkaure
  4167 | D:5      | Reached ** piety under Okawaru
  4168 | D:5      | Reached XP level 8. HP: 63/63 MP: 12/12
  4357 | D:5      | Found a transporter.
  4364 | D:5      | Noticed hipposaver's ghost (novice DjCj)
  4400 | D:5      | Found a transporter.
  4893 | D:5      | Reached skill level 11 in Short Blades
  5264 | D:6      | Found a sacrificial altar of Ru.
  5267 | D:6      | Found an ancient bone altar of Kikubaaqudgha.
  5270 | D:6      | Found an ornate altar of the Wu Jian Council.
  5273 | D:6      | Found a blossoming altar of Fedhas.
  5869 | D:6      | Learned a level 2 spell: Blink
  5887 | D:6      | Learned a level 2 spell: Scorch
  5891 | D:6      | Learned a level 3 spell: Teleport Other
  5947 | D:6      | Found a snail-covered altar of Cheibriados.
  5947 | D:6      | Found a white marble altar of Elyvilon.
  6006 | D:6      | Reached XP level 9. HP: 69/69 MP: 9/14
  6405 | D:7      | Noticed Duvessa
  6405 | D:7      | Noticed Dowan
  6490 | D:7      | Reached *** piety under Okawaru
  6491 | D:7      | Reached skill level 5 in Axes
  6587 | D:7      | Noticed Maurice
  6742 | D:8      | HP: 3/66 [wight/+3 battleaxe of freezing (16)]
  6742 | D:8      | Slain by a wight

Illustrated notes

Levels and vault maps discovered:
D:1:      roderic_octagonal_star, layout_rooms
D:2:      wad_lake_hut, layout_basic, serial_shops,
          nicolae_shop_tiny_waterfront, basic_altar, uniq_natasha, uniq_sigmund
D:3:      layout_loops_ring, overflow_temple_1_default, nicolae_titane
D:4:      layout_loops_ring, minmay_temple_entry_glass, serial_shops, shop,
          nicolae_shop_temple_entry_statues_fountains, shop,
          nicolae_shop_rolled_up, minmay_fire_ice_demons
D:5:      layout_basic, nicolae_dithmenos_the_darkroom, gammafunk_ghost_arena,
          minmay_misc_feat_chi, serial_park_tiny_1,
          chequers_serial_rivers_small_b, uniq_menkaure
D:6:      layout_gridville, grunt_temple_overflow_cloverleaf,
          gammafunk_temple_overflow_wave
D:7:      layout_basic, serial_co_window_serial, co_window_corner_a,
          co_window_paths_a, co_window_cross_1, co_window_cross_1,
          co_window_corner_a, co_window_2corner, co_window_cross_2,
          co_window_broadway_b, co_window_corner_b, co_window_4corner_b,
          glass_columns_a, glass_columns_a, glass_columns_b, glass_columns_b,
          dreamdust_gnoll_farm, uniq_pikel, uniq_joseph, uniq_maurice,
          uniq_duvessa
D:8:      layout_basic, lemuel_coloured_pillars_altar,
          mainiacjoe_overflow_alcove_1
Temple:   hellmonk_temple_micro_hex

Skill      XL: |  1  2  3  4  5  6  7  8  9 |
---------------+----------------------------+-----
Short Blades   | 11 | 11.3
Long Blades    | 1 2 3 4 |  4.3
Maces & Flails | 1 2 3 4 |  4.3
Polearms       | 1 2 3 4 |  4.3
Staves         | 1 2 3 4 |  4.3
Ranged Weapons | 1 2 3 4 |  4.3
Throwing       | 1 2 3 4 |  4.3
Armour         | 1 2 3 4 |  4.3
Dodging        | 1 2 3 4 |  4.3
Stealth        | 1 2 3 4 |  4.3
Shields        | 1 2 3 4 |  4.3
Unarmed Combat | 1 2 3 4 |  4.3
Spellcasting   | 1 2 3 4 |  4.3
Evocations     | 1 2 3 4 |  4.3
Shapeshifting  | 1 2 3 |  3.9
Conjurations   | 1 2 3 |  3.5
Hexes          | 1 2 3 |  3.5
Summonings     | 1 2 3 |  3.5
Necromancy     | 1 2 3 |  3.5
Translocations | 1 2 3 |  3.5
Fire Magic     | 1 2 3 |  3.5
Ice Magic      | 1 2 3 |  3.5
Air Magic      | 1 2 3 |  3.5
Earth Magic    | 1 2 3 |  3.5
Alchemy        | 1 2 3 |  3.5
Axes           | 3 4 5 |  5.1
Invocations    | 5 6 |  6.7
Fighting       | 5 6 |  6.3

Action                     |  1- 3 |  4- 6 |  7- 9 || total
---------------------------+-------+-------+-------++-------
  Melee: Rapier            |   126 |   153 |   111 ||   390
         Bite              |     6 |    16 |    38 ||    60
         Punch             |     3 |       |       ||     3
         Mace              |       |       |   117 ||   117
   Cast: Scorch            |       |       |    11 ||    11
    Use: Scroll            |       |     4 |     3 ||     7
 Armour: Leather armour    |    36 |       |       ||    36
         Ring mail         |    23 |    89 |   170 ||   282
  Dodge: Dodged            |    60 |    57 |   117 ||   234
  Block: Buckler           |    10 |    20 |    55 ||    85

Table legend: (Time is in decaauts)
 A = Elapsed time spent in this place.
 B = Non-inter-level travel time spent in this place.
 C = Inter-level travel time spent in this place.
 D = Time resting spent in this place.
 E = Time spent auto-exploring this place.
 F = Levels seen in this place.
 G = Mean time per level.
                   A        B        C        D        E       F      G
               +--------+--------+--------+--------+--------+-----+--------+
         Total |   6704 |   6254 |    450 |    273 |   4875 |   9 |  744.9 |
       Dungeon |   6702 |   6252 |    450 |    273 |   4875 |   8 |  837.8 |
        Temple |      1 |      1 |      0 |      0 |      0 |   1 |    1.0 |
               +--------+--------+--------+--------+--------+-----+--------+

Top non-repeatable levels by time:
     D:2: 1513 daAuts
     D:6: 1330 daAuts
     D:5: 1180 daAuts
     D:3: 837 daAuts
     D:4: 836 daAuts
     D:1: 574 daAuts
     D:7: 303 daAuts
     D:8: 127 daAuts
  Temple: 1 daAuts
